AoeStats
← 白鹿城拉车车

Arena

508872119Analyzed
4v4 RM · 7d ago on Sep 24, 2026· 34m 40s· 8 players
Game mode
Random Map
Map size
Large (8 player)
Population
200
Speed
Normal
Resources
Standard
Victory
Conquest
Starting age
Dark Age
Ending age
Imperial Age
RankedLock teamsTeams togetherTeam positionsShared explorationLock speedFull tech treeHidden civsTurbo modeCheats
Victory
Defeat
🇨🇳 Mapuche · China
1355
+15
1339
+15
🇻🇳 Cumans · Vietnam
1300
+17
1143
+23
🇨🇳 Poles · China
1481
-24
🇸🇬 Burgundians · Singapore
1453
-23
🇨🇳 Mongols · China
1265
-15
🇨🇳 Bohemians · China
1073
-8
白鹿城拉车车
10:30 Feudal Age
11:53 Double-Bit Axe
11:52 Horse Collar
14:18 Castle Age
16:00 Bow Saw
16:58 Wheelbarrow
17:19 Loom
21:46 Loom
22:25 Heavy Plow
22:15 Gold Mining
27:42 Imperial Age
25:26 Fletching
26:04 Padded Archer Armor
26:15 Bodkin Arrow
27:13 Leather Archer Armor
27:21 Ballistics
27:34 Malon
29:02 Gold Shaft Mining
28:44 Hand Cart
29:31 Ring Archer Armor
29:14 Town Watch
31:08 Chemistry
31:12 Crop Rotation
31:41 Butalmapu
31:57 Conscription
33:02 Forging
32:52 Scale Mail Armor
33:13 Elite Bolas Rider
微操大师蒋中正
10:09 Feudal Age
13:46 Castle Age
12:05 Double-Bit Axe
12:33 Horse Collar
17:44 Bow Saw
21:29 Town Watch
24:27 Loom
24:28 Town Watch
nguyenducminhhieu
9:44 Feudal Age
11:13 Wheelbarrow
10:25 Double-Bit Axe
11:58 Horse Collar
15:53 Loom
20:06 Castle Age
19:47 Man-at-Arms
21:03 Forging
20:58 Scale Barding Armor
20:56 Scale Mail Armor
21:18 Hand Cart
21:16 Bow Saw
20:37 Capped Ram
20:44 Long Swordsman
21:57 Heavy Plow
22:47 Pikeman
24:23 Pikeman
30:06 Iron Casting
29:47 Chain Mail Armor
33:10 Imperial Age
32:40 Gold Mining
32:40 Stone Mining
33:14 Siege Ram
35:15 Two-Man Saw
34:48 Crop Rotation
35:19 Blast Furnace
34:49 Plate Mail Armor
33:51 Halberdier
34:32 Two-Handed Swordsman
35:13 Squires
重案组之虎曹达华JESSEJAMES
3:45 Loom
10:43 Feudal Age
11:49 Double-Bit Axe
14:54 Castle Age
13:19 Stone Mining
14:47 Horse Collar
16:11 Bow Saw
15:51 Loom
18:04 Heavy Plow
21:55 Husbandry
22:16 Gold Mining
22:41 Scale Barding Armor
24:03 Chain Barding Armor
29:11 Wheelbarrow
30:18 Scale Mail Armor
30:01 Pikeman
32:01 Chain Mail Armor
32:43 Forging
34:12 Iron Casting
Leven仔不会玩
10:21 Feudal Age
11:15 Double-Bit Axe
14:09 Castle Age
12:16 Horse Collar
16:22 Wheelbarrow
16:59 Loom
18:16 Loom
19:12 Town Watch
23:16 Heavy Plow
25:16 Bow Saw
25:46 Stone Mining
29:24 Imperial Age
28:18 Hand Cart
27:57 Gold Mining
28:43 Stone Shaft Mining
28:24 Bloodlines
28:15 Husbandry
29:14 Gold Shaft Mining
28:39 Fletching
28:50 Padded Archer Armor
29:22 Bodkin Arrow
30:00 Leather Archer Armor
29:15 Elite Skirmisher
29:21 Light Cavalry
29:38 Capped Ram
30:57 Ballistics
31:07 Bracer
31:48 Conscription
32:08 Parthian Tactics
32:08 Thumb Ring
32:13 Scale Barding Armor
32:43 Hussar
33:47 Chain Barding Armor
33:38 Forging
noob9527
7:41 Loom
10:12 Feudal Age
14:24 Castle Age
13:08 Double-Bit Axe
20:25 Wheelbarrow
20:38 Bow Saw
31:29 Horse Collar
用爱感化队友
10:37 Feudal Age
11:54 Double-Bit Axe
14:34 Castle Age
12:30 Horse Collar
15:56 Bow Saw
21:23 Wheelbarrow
24:17 Heavy Plow
24:46 Scale Barding Armor
24:52 Forging
28:02 Imperial Age
25:28 Gold Mining
27:35 Chain Barding Armor
27:51 Iron Casting
27:14 Stone Mining
29:09 Hand Cart
29:12 Szlachta Privileges
29:30 Conscription
29:33 Bloodlines
29:23 Husbandry
30:13 Stone Shaft Mining
29:50 Loom
29:30 Cavalier
31:15 Crop Rotation
30:59 Town Watch
31:45 Light Cavalry
8316699
5:33 Double-Bit Axe
6:28 Horse Collar
10:44 Feudal Age
14:24 Castle Age
12:45 Bow Saw
13:22 Heavy Plow
21:16 Wheelbarrow
21:01 Cavalier
21:41 Husbandry
22:12 Scale Barding Armor
24:31 Chain Barding Armor
24:22 Forging
27:13 Hand Cart
27:34 Iron Casting
28:04 Hand Cart
Connection lost

Rejoining the realm…

Still unreachable

The connection could not be restored.

Session expired

The server has moved on; the page needs a fresh start.